 Dungeon Crawl Stone Soup version 0.30-a0-1112-gfb780f5df6 (webtiles) character file.

Game seed: 14275792484024251492

230 bearlyready the Cudgeller (level 6, -11/50 HPs)
             Began as a Gnoll Reaver on Apr 19, 2023.
             Mangled by Menkaure (16 damage)
             ... on level 5 of the Dungeon.
             The game lasted 00:04:07 (2946 turns).

bearlyready the Cudgeller (Gnoll Reaver)            Turns: 2946, Time: 00:04:07

Health: -11/50     AC:  4    Str: 14    XL:     6   Next: 3%
Magic:  13/13      EV: 12    Int: 12    God:
Gold:   268        SH:  0    Dex: 10    Spells: 11/15 levels left

rFire   . . .      SeeInvis .    x - +2 dagger (elec)
rCold   . . .      Faith    .    (no shield)
rNeg    . . .      Spirit   .    b - +0 leather armour
rPois   .          Reflect  .    (no helmet)
rElec   .          Rampage  .    (no cloak)
rCorr   .                        y - +0 pair of gloves
Will    .....                    (no boots)
Stlth   +                        (no amulet)
HPRegen 0.28/turn                (no ring)
MPRegen 0.13/turn                (no ring)

@: no status effects
A: fangs 1, strong nose, distributed training
a: no special abilities


You were on level 5 of the Dungeon.
You visited 1 branch of the dungeon, and saw 5 of its levels.

You collected 268 gold pieces.

Inventory:

Hand Weapons
 a - a +0 mace
 h - a +1 dagger of freezing
 x - a +2 dagger of electrocution (weapon)
Missiles
 c - 3 javelins (quivered)
 o - 3 curare-tipped darts
 w - 13 poisoned darts
Armour
 b - a +0 leather armour (worn)
 y - a +0 pair of gloves (worn)
Jewellery
 A - a ring of protection from fire
 C - a +6 ring of dexterity
Scrolls
 e - 2 scrolls of vulnerability {unknown}
 f - a scroll of fear {unknown}
 j - 3 scrolls of poison {unknown}
 k - 5 scrolls of identify {unknown}
 m - 4 scrolls of teleportation {unknown}
 q - 3 scrolls of blinking {unknown}
 r - a scroll of silence {unknown}
 t - a scroll of acquirement {unknown}
 v - a scroll of noise {unknown}
 z - a scroll of enchant armour {unknown}
Potions
 d - 2 potions of brilliance {unknown}
 g - a potion of resistance {unknown}
 i - a potion of berserk rage {unknown}
 l - a potion of mutation {unknown}
 n - a potion of might {unknown}
 p - a potion of attraction {unknown}
 u - a potion of ambrosia {unknown}
 B - a potion of flight {unknown}


   Skills:
 + Level 4.9 Fighting
 + Level 1.8 Short Blades
 + Level 1.8 Long Blades
 + Level 1.8 Axes
 + Level 6.8 Maces & Flails
 + Level 1.8 Polearms
 + Level 1.8 Staves
 + Level 1.8 Ranged Weapons
 + Level 1.8 Throwing
 + Level 1.8 Armour
 + Level 4.9 Dodging
 + Level 1.8 Stealth
 + Level 1.8 Shields
 + Level 1.8 Unarmed Combat
 + Level 5.3 Spellcasting
 + Level 5.6 Conjurations
 + Level 1.4 Hexes
 + Level 1.4 Summonings
 + Level 1.4 Necromancy
 + Level 1.4 Translocations
 + Level 1.4 Transmutations
 + Level 1.4 Fire Magic
 + Level 1.4 Ice Magic
 + Level 1.4 Air Magic
 + Level 1.4 Earth Magic
 + Level 1.4 Poison Magic
 + Level 2.0 Invocations
 + Level 1.8 Evocations


You had 11 spell levels left.
You knew the following spells:

 Your Spells              Type           Power      Damage    Failure   Level
a - Kiss of Death         Conj/Necr      44%        2d8       5%          1
b - Momentum Strike       Conj/Tloc      22%        3d8       9%          2
c - Apportation           Tloc           12%        N/A       13%         1

Your spell library contained the following spells:

 Spells                   Type           Power      Damage    Failure   Level
 Freeze                   Ice            24%        1d4       13%         1
 Hailstorm                Conj/Ice       11%        3d5       17%         3
 Frozen Ramparts          Ice            12%        1d2       36%         3
 Alistair's Intoxication  Tmut/Pois      4%         N/A       98%         5


Dungeon Overview and Level Annotations

Branches:
Dungeon (5/15)
 Temple: D:4-7

Altars:
Gozag
Makhleb

Annotations:
D:5 Menkaure


Innate Abilities, Weirdness & Mutations

You have very sharp teeth.
Your uncanny sense of smell can sniff out nearby items.
Your experience applies equally to all skills.


Message History

Menkaure is nearby!
Menkaure closely misses you.
You hit Menkaure.
Menkaure is moderately damaged.
You completely miss Menkaure.
Menkaure is moderately damaged.
Menkaure barely misses you.
You hit Menkaure but do no damage.
Menkaure is moderately damaged.
Menkaure calls on the powers of darkness!
Your body is wracked with pain!
You hit Menkaure but do no damage.
Menkaure is moderately damaged.
Menkaure hits you!
* * * LOW HITPOINT WARNING * * *
You hit Menkaure but do no damage. You bite Menkaure, but do no damage.
Menkaure is moderately damaged.
You feel much better.
Menkaure calls on the powers of darkness!
Your body is wracked with pain!
You hit Menkaure but do no damage. You bite Menkaure, but do no damage.
Menkaure is moderately damaged.
Menkaure hits you!
* * * LOW HITPOINT WARNING * * *
You hit Menkaure but do no damage.
Menkaure is lightly damaged.
Menkaure casts a spell at you. Pain shoots through your body!
* * * LOW HITPOINT WARNING * * *
You hit Menkaure.
Menkaure is moderately damaged.
You hit Menkaure but do no damage.
Menkaure is moderately damaged.
Menkaure hits you but does no damage.
You aren't carrying any items that you can evoke.
Unknown command.
You hit Menkaure. Lightning courses through Menkaure!
Menkaure is almost destroyed.
Menkaure hits you!
You die...

... .. ... #.###. ..
#.#.$ .. #.#.#∆ .#
#####..[##### .#
...........##. #
#.##.........#
#.##.##...# #.#.# ∆#
###....@M...###.#.##.#
...............<......#
..............[.......#
............##.#.#.##.#
.#.#........#....#.# .#
...............†.#.##.#
##...#####............#
#.## ##.##.........# #.
#.######.###.#


You could see Menkaure.

Vanquished Creatures
  A centaur (D:3)
  A scorpion (D:5)
  2 adders
  An ufetubus (D:4)
  A dart slug (D:3)
  3 bats
  8 endoplasms
  2 giant cockroaches
  4 goblins
  4 hobgoblins
  10 jackals
  7 quokkas
  6 ball pythons
  3 frilled lizards
  7 kobolds
  5 rats
65 creatures vanquished.

Notes
Turn   | Place    | Note
-------+----------+-------------------------------------------
     0 | D:1      | bearlyready the Gnoll Reaver began the quest for the Orb.
     0 | D:1      | Reached XP level 1. HP: 20/20 MP: 6/6
   181 | D:1      | Reached XP level 2. HP: 12/26 MP: 7/7
   784 | D:2      | Reached skill level 5 in Spellcasting
   784 | D:2      | Reached XP level 3. HP: 30/31 MP: 7/9
   809 | D:2      | Found a faded altar of an unknown god.
   884 | D:2      | Reached skill level 1 in Invocations
  1003 | D:2      | Reached skill level 1 in Short Blades
  1003 | D:2      | Reached skill level 1 in Long Blades
  1003 | D:2      | Reached skill level 1 in Axes
  1003 | D:2      | Reached skill level 1 in Polearms
  1003 | D:2      | Reached skill level 1 in Staves
  1003 | D:2      | Reached skill level 1 in Ranged Weapons
  1003 | D:2      | Reached skill level 1 in Throwing
  1003 | D:2      | Reached skill level 1 in Armour
  1003 | D:2      | Reached skill level 1 in Stealth
  1003 | D:2      | Reached skill level 1 in Shields
  1003 | D:2      | Reached skill level 1 in Unarmed Combat
  1003 | D:2      | Reached skill level 1 in Evocations
  1201 | D:2      | You fall into a shaft and drop 1 floor!
  1226 | D:3      | Noticed a centaur
  1251 | D:3      | Learned a level 2 spell: Momentum Strike
  1253 | D:3      | Learned a level 1 spell: Apportation
  1273 | D:3      | Killed a centaur
  1274 | D:3      | Reached skill level 1 in Hexes
  1274 | D:3      | Reached skill level 1 in Summonings
  1274 | D:3      | Reached skill level 1 in Necromancy
  1274 | D:3      | Reached skill level 1 in Translocations
  1274 | D:3      | Reached skill level 1 in Transmutations
  1274 | D:3      | Reached skill level 1 in Fire Magic
  1274 | D:3      | Reached skill level 1 in Ice Magic
  1274 | D:3      | Reached skill level 1 in Air Magic
  1274 | D:3      | Reached skill level 1 in Earth Magic
  1274 | D:3      | Reached skill level 1 in Poison Magic
  1274 | D:3      | Reached XP level 4. HP: 12/38 MP: 11/11
  1274 | D:3      | Reached XP level 5. HP: 14/43 MP: 12/12
  1635 | D:3      | Found an opulent altar of Gozag.
  2601 | D:4      | Found a burning altar of Makhleb.
  2740 | D:5      | Entered Level 5 of the Dungeon
  2757 | D:5      | Reached XP level 6. HP: 16/50 MP: 13/13
  2924 | D:5      | Noticed Menkaure
  2946 | D:5      | Mangled by Menkaure

Illustrated notes

Levels and vault maps discovered:
D:1:      spicycebolla_arrival_xxxplode, layout_basic, minmay_stone_trees_medium
D:2:      layout_rooms, chequers_ecumenical_altar_simple
D:3:      layout_loops_ring, nicolae_gozag_cash_rules_everything_around_me
D:4:      layout_rooms, kennysheep_mini_moat, chequers_serial_rivers_room_a
D:5:      layout_loops_ring, serial_shops, shop, nicolae_square_shop,
          uniq_blork_the_orc, uniq_menkaure, uniq_pikel

Skill      XL: |  1  2  3  4  5 |
---------------+----------------+-----
Spellcasting   | 5 |  5.3
Invocations    | 1 2 |  2.0
Short Blades   | 1 |  1.8
Long Blades    | 1 |  1.8
Axes           | 1 |  1.8
Polearms       | 1 |  1.8
Staves         | 1 |  1.8
Ranged Weapons | 1 |  1.8
Throwing       | 1 |  1.8
Armour         | 1 |  1.8
Stealth        | 1 |  1.8
Shields        | 1 |  1.8
Unarmed Combat | 1 |  1.8
Evocations     | 1 |  1.8
Hexes          | 1 |  1.4
Summonings     | 1 |  1.4
Necromancy     | 1 |  1.4
Translocations | 1 |  1.4
Transmutations | 1 |  1.4
Fire Magic     | 1 |  1.4
Ice Magic      | 1 |  1.4
Air Magic      | 1 |  1.4
Earth Magic    | 1 |  1.4
Poison Magic   | 1 |  1.4
Fighting       | |  4.9
Maces & Flails | |  6.8
Dodging        | |  4.9
Conjurations   | |  5.6

Action                     |  1- 3 |  4- 6 || total
---------------------------+-------+-------++-------
  Melee: Mace              |    44 |       ||    44
         Bite              |     8 |    11 ||    19
         Dagger            |    87 |   125 ||   212
         Punch             |       |     1 ||     1
  Throw: Dart              |     3 |       ||     3
         Javelin           |     1 |       ||     1
    Use: Potion            |     2 |     1 ||     3
   Stab: Sleeping          |       |     1 ||     1
 Armour: Leather armour    |    31 |    24 ||    55
  Dodge: Dodged            |    83 |    80 ||   163

Table legend: (Time is in decaauts)
 A = Elapsed time spent in this place.
 B = Non-inter-level travel time spent in this place.
 C = Inter-level travel time spent in this place.
 D = Time resting spent in this place.
 E = Time spent auto-exploring this place.
 F = Levels seen in this place.
 G = Mean time per level.
                   A        B        C        D        E       F      G
               +--------+--------+--------+--------+--------+-----+--------+
         Total |   2935 |   2863 |     72 |    141 |   2169 |   5 |  587.0 |
       Dungeon |   2935 |   2863 |     72 |    141 |   2169 |   5 |  587.0 |
               +--------+--------+--------+--------+--------+-----+--------+

Top non-repeatable levels by time:
     D:3: 919 daAuts
     D:1: 781 daAuts
     D:4: 745 daAuts
     D:2: 419 daAuts
     D:5: 70 daAuts
